 Dungeon Crawl Stone Soup version 0.31-a0-851-g7ff8af7976 (webtiles) character file.

Game seed: 17836532869834036893

125958 Hubris850 the Thaumaturge (level 16, -26/139 HPs)
             Began as a Grey Draconian Ice Elementalist on Oct 3, 2023.
             Was a High Priest of Ashenzari.
             Killed from afar by Nikola (88 damage)
             ... with an arc of chain lightning
             ... on level 2 of the Spider Nest on Oct 5, 2023.
             The game lasted 01:55:15 (29809 turns).

Hubris850 the Thaumaturge (DrIE)                   Turns: 29809, Time: 01:55:16

Health: -26/139    AC: 18    Str: 13    XL:     16   Next: 42%
Magic:  36/43      EV: 20    Int: 23    God:    Ashenzari [*****.]
Gold:   1143       SH: 13    Dex: 20    Spells: 15/44 levels left

rFire   . . .        f - +11 quick blade "Kyt Daon" {freeze, *Corrode rPois rC++ MP+9}
rCold   + + .        X - +0 buckler of Ouranomancy {Elem, Bglg} (curse)
rNeg    . . .        (body armour unavailable)
rPois   +            h - +1 hat of the Omniscient Comet {Comp, Bglg} (curse)
rElec   .            k - +0 cloak "Mistrust of Ashenzari" {Dex+3, Melee, Cun} (curse)
rCorr   .            t - +0 pair of gloves of the Ruined Ether {Bglg, Alch} (curse)
SInv    +            x - +0 pair of boots of Ashenzari's Regret {Fort, Elem} (curse)
Will    +....        R - amulet of the Cursed Pleiades {Reflect SH+5, Dev, Self} (curse)
Stlth   +++++        m - ring "Prophetic Anxiety" {rPois, Fort, Elem} (curse)
HPRegen 0.43/turn    w - ring "Circumscribed Together" {Wiz *Corrode Int+3 Dex+4 Slay+5, Elem, Dev} (curse)
MPRegen 0.28/turn

%: corrode self (6%), reflection, clarity, wizardry (x1)
@: very slightly contaminated, studying 3 skills
A: AC +14, amphibious, unfitting armour, cold-blooded, inability to drink after
injury 1
a: Renounce Religion, Curse Item, Shatter the Chains


You were on level 2 of the Spider Nest.
You worshipped Ashenzari.
Ashenzari was extremely pleased with you.
You visited 4 branches of the dungeon, and saw 24 of its levels.
You also visited: Gauntlet and Ice Cave.

You collected 2859 gold pieces.
You spent 1716 gold pieces at shops.

Inventory:

Hand Weapons
 f - the +11 quick blade "Kyt Daon" (weapon) {freeze, *Corrode rPois rC++ MP+9}
   (You acquired it on level 9 of the Dungeon)

   rC++:      It greatly protects you from cold.
   rPois:     It protects you from poison MP+9: It affects your magic capacity
   (+9).
   *Corrode:  It may corrode you when you take damage.
 Y - a +2 scimitar of flaming
Missiles
 e - 8 javelins
 i - 42 poisoned darts (quivered)
 D - a throwing net
 O - 2 silver javelins
Armour
 h - the cursed +1 hat of the Omniscient Comet (worn) {Comp, Bglg}
   (You found it on level 7 of the Dungeon)

   It has a curse which improves the following skills: Companions: Summonings
   and Necromancy.
   Beguiling: Conjurations, Hexes and Translocations.
 k - the cursed +0 cloak "Mistrust of Ashenzari" (worn) {Dex+3, Melee, Cun}
   (You found it in a Gauntlet)

   Dex+3:     It affects your dexterity (+3).
   It has a curse which improves the following skills: Melee Combat: Short
   Blades, Long Blades, Axes, Maces & Flails, Polearms, Staves and Unarmed
   Combat.
   Cunning:   Dodging and Stealth.
 l - the +2 pair of gloves of Goxauz {rF+ rN+ Stlth+}
   (You found it in a Gauntlet)

   rF+:       It protects you from fire.
   rN+:       It protects you from negative energy.
   Stlth+:    It makes you more stealthy.
 p - a +0 cloak of preservation
 t - the cursed +0 pair of gloves of the Ruined Ether (worn) {Bglg, Alch}
   (You found it on level 4 of the Dungeon)

   It has a curse which improves the following skills: Beguiling: Conjurations,
   Hexes and Translocations.
   Alchemy:   Poison Magic and Transmutations.
 x - the cursed +0 pair of boots of Ashenzari's Regret (worn) {Fort, Elem}
   (You found it on level 5 of the Dungeon)

   It has a curse which improves the following skills: Fortitude: Shields.
   Elements:  Fire Magic, Ice Magic, Air Magic and Earth Magic.
 z - a +0 tower shield
 X - the cursed +0 buckler of Ouranomancy (worn) {Elem, Bglg}
   (You took it off a tengu conjurer on level 9 of the Dungeon)

   It has a curse which improves the following skills: Elements: Fire Magic, Ice
   Magic, Air Magic and Earth Magic.
   Beguiling: Conjurations, Hexes and Translocations.
Jewellery
 m - the cursed ring "Prophetic Anxiety" (left hand) {rPois, Fort, Elem}
   (You found it on level 2 of the Dungeon)

   [ring of poison resistance]

   rPois:     It protects you from poison It has a curse which improves the
   following skills: Fortitude: Shields.
   Elements:  Fire Magic, Ice Magic, Air Magic and Earth Magic.
 w - the cursed ring "Circumscribed Together" (right hand) {Wiz *Corrode Int+3 Dex+4 Slay+5, Elem, Dev}
   (You found it on level 4 of the Dungeon)

   [ring of wizardry]

   Wiz:       It improves your spell success rate.
   Int+3:     It affects your intelligence (+3).
   Dex+4:     It affects your dexterity (+4).
   Slay+5:    It affects your accuracy & damage with ranged weapons and melee
   (+5).
   *Corrode:  It may corrode you when you take damage.
   It has a curse which improves the following skills: Elements: Fire Magic, Ice
   Magic, Air Magic and Earth Magic.
   Devices:   Evocations and Shapeshifting.
 R - the cursed amulet of the Cursed Pleiades (around neck) {Reflect SH+5, Dev, Self}
   (You took it off an orc priest on level 8 of the Dungeon)

   [amulet of reflection]

   Reflect:   It reflects blocked missile attacks.
   SH+5:      It affects your SH (+5).
   It has a curse which improves the following skills: Devices: Evocations and
   Shapeshifting.
   Introspection: Fighting and Spellcasting.
Talismans
 G - a dragon-blood talisman
Wands
 o - a wand of polymorph (10)
 u - a wand of iceblast (18)
 C - a wand of mindburst (6)
 M - a wand of charming (13)
 Q - a wand of light (15)
 T - a wand of flame (13)
 U - a wand of digging (1)
Scrolls
 a - a scroll of vulnerability
 d - a scroll of enchant armour
 n - 8 scrolls of teleportation
 q - a scroll of revelation
 r - 5 scrolls of blinking
 y - a scroll of poison
 B - a scroll of silence
 E - a scroll of amnesia
 F - 4 scrolls of fear
 I - 3 scrolls of fog
Potions
 b - a potion of resistance
 c - a potion of invisibility
 g - 2 potions of berserk rage
 j - a potion of might
 s - 5 potions of haste
 v - 2 potions of brilliance
 A - 6 potions of attraction
 H - 2 potions of cancellation
 J - 3 potions of lignification
 K - 8 potions of curing
 P - 2 potions of heal wounds
Miscellaneous
 V - a phantom mirror


   Skills:
 - Level 9.7(11.9) Fighting
 - Level 11.9(14.0) Short Blades
 - Level 4.0 Throwing
 - Level 10.2(12.3) Dodging
 - Level 8.4(10.6) Stealth
 - Level 8.6(11.8) Shields
 + Level 12.5(14.6) Spellcasting
 + Level 10.2(14.4) Conjurations
 - Level 3.0(4.8) Summonings
 - Level 3.1(5.0) Transmutations
 - Level 6.0(10.9) Ice Magic
 - Level 3.1(7.2) Air Magic
 - Level 7.8(12.8) Earth Magic
 - Level 4.2(6.2) Poison Magic
 - Level 5.3(8.4) Evocations
 - Level 4.9(7.9) Shapeshifting


You had 15 spell levels left.
You knew the following spells:

 Your Spells              Type           Power      Damage    Failure   Level
a - Freeze                Ice            100%       1d10      1%          1
b - Frozen Ramparts       Ice            100%       1d16      1%          3
c - Ozocubu's Armour      Ice            61%        N/A       1%          3
d - Mephitic Cloud        Conj/Pois/Air  56%        N/A       1%          3
e - Summon Ice Beast      Ice/Summ       52%        N/A       1%          4
f - Call Canine Familiar  Summ           39%        N/A       1%          3
g - Stone Arrow           Conj/Erth      100%       3d13      1%          3
h - Olgreb's Toxic Radia  Pois           45%        N/A       1%          4
i - Irradiate             Conj/Tmut      28%        3d21      1%          5

Your spell library contained the following spells:

 Spells                   Type           Power      Damage    Failure   Level
 Magic Dart               Conj           100%       1d8       0%          1
 Sandblast                Erth           100%       2d20      0%          1
 Necrotise                Necr           72%        1d7       1%          1
 Slow                     Hex            76%        N/A       1%          1
 Sting                    Tmut/Pois      100%       1d8       1%          1
 Summon Small Mammal      Summ           100%       N/A       1%          1
 Call Imp                 Summ           78%        N/A       1%          2
 Passwall                 Tmut/Erth      45%        N/A       1%          2
 Poisonous Vapours        Pois/Air       94%        N/A       1%          2
 Summon Guardian Golem    Hex/Summ       29%        N/A       1%          3
 Brom's Barrelling Bould  Conj/Erth      68%        2d8       1%          4
 Petrify                  Tmut/Erth      55%        N/A       1%          4
 Sublimation of Blood     Necr           18%        N/A       2%          2
 Confusing Touch          Hex            19%        N/A       4%          3
 Gell's Gravitas          Tloc           19%        N/A       4%          3
 Sigil of Binding         Hex            19%        N/A       4%          3
 Teleport Other           Tloc           19%        N/A       4%          3
 Vampiric Draining        Necr           18%        2d7       4%          3
 Agony                    Necr           18%        N/A       38%         5
 Dispersal                Tloc           9%         N/A       86%         6


Dungeon Overview and Level Annotations

Branches:
Dungeon (15/15)            Temple (0/1) D:7            Lair (5/5) D:11
 Shoals (0/4) Lair:3       Spider (2/4) Lair:2        Slime (0/5) Lair:4
    Orc (2/2) D:12            Elf (0/3) Orc:2        Vaults (0/5) D:13
 Depths (0/4) D:15          IceCv (visited)         Gauntlet (visited)

Altars:
Ashenzari
Gozag
Hepliaklqana
Kikubaaqudgha
Vehumet
Zin
Jiyva

Shops:
D:2 ?   D:3 (   D:5 :   D:8 *   D:12 *   Orc:2 [=*[(

Annotations:
D:3 3 runed translucent doors, Kurtz's ghost, amateur OpFi
D:10 2 transporters
D:14 1 transporter, Kilet's ghost, adept GrEE
Spider:2 Nikola


Innate Abilities, Weirdness & Mutations

Your dull iron-grey scales are very hard. (AC +14)
You are amphibious.
You cannot fit into any form of body armour.
You are cold-blooded and may be slowed by cold attacks.
You occasionally lose the ability to drink potions when taking damage.


Message History

Confirm with . or Enter, or press ? or * to list all spells.
Okay, then.
The wolf spider's many legs skitter.
Casting: Olgreb's Toxic Radiance (mildly dangerous; 1% risk of failure)
Confirm with . or Enter, or press ? or * to list all spells.
You begin to radiate toxic energy.
The wolf spider is poisoned.
The wolf spider looks even sicker.
Nikola gestures at you while chanting. The bolt of lightning hits you!
You hear an angry buzzing noise.
Nikola looks even sicker.
Your toxic aura wanes.
Nikola points at you and mumbles some strange words.
The bolt of lightning hits you!!
Nikola hits you with a +0 rapier of electrocution!
You puncture Nikola! You freeze Nikola. You hit Nikola. You freeze Nikola.
Nikola is moderately wounded.
You hit Nikola. You freeze Nikola. You hit Nikola. You freeze Nikola.
Nikola is moderately wounded.
The wolf spider hits you. The wolf spider closely misses you.
Nikola casts a spell.
Lightning arcs from Nikola's hands!
The bolt of lightning hits you!
A bolt of lightning appears from out of thin air!
The bolt of lightning hits Nikola!
The bolt of lightning hits the wolf spider!!!
The wolf spider dies!
You hear a faint skittering sound. x2
Unknown command.
Casting: Olgreb's Toxic Radiance (mildly dangerous; 1% risk of failure)
Confirm with . or Enter, or press ? or * to list all spells.
You erupt in a fountain of uncontrolled magic!
Nikola is blasted with magical radiation!!
Nikola is heavily wounded.
Nikola twists and deforms.
You are very lightly contaminated with residual magic.
Nikola warns, "If you see one of my golems, approach with caution, they bite."
Nikola gestures wildly while chanting.
Lightning arcs from Nikola's hands!
The bolt of lightning hits you!!!!
Ouch! That really hurt!
You die...

,*,,,^,{*##.##$...^.##......
,*,,*,{{* #..#....##.#...#.#
,*,,******#####..##*########
***,,*,*,*,,*#...#,,*#,,*{,,
*,,,,,,,,,,,##.##∆,.#,,,,,,
,*,*,^{,*,#...#,.##,,,*,,
,,#########...#..)#*^***,
,*#....(..#.......#.,,*,,
,,*#...@@†..<........,*,,
,{#..(.....$..(.(.#.#,**,
,,##.(##^.#...#####****,,
,#...*#...#..##*,,*,*,*,,
,...,∆##..#....,,***,,,,,
,..,,**..##..##.,**,∆,,*,
*#*,,,######.#**#*****###
,,**,^**,,*?..*∆,,*,*∆#..
,**,,,*,,**^,,**,,,,,*#^.


You could see Nikola (very poisoned, misshapen).

Vanquished Creatures
  Jorgrun (D:15)
  Gastronok (Lair:1)
  Kirke (Lair:4)
  A fire giant (D:15)
  2 emperor scorpions
  Louise (Spider:1)
  3 ghost moths (Spider:2)
  A broodmother (Spider:1)
  An orc warlord (Orc:1)
  A minotaur (Gauntlet)
  7 spark wasps
  A white draconian (IceCv)
  A blizzard demon (Gauntlet)
  A fire dragon (Lair:5)
  A great orb of eyes (D:14)
  8 hydras
  3 radroaches (Spider:2)
  8 vault guards (D:13)
  Erica (Lair:1)
  An ogre mage (Orc:2)
  4 centaur warriors
  9 boulder beetles
  6 death yaks
  8 demonic crawlers
  3 two-headed ogres
  Urug (Lair:2)
  4 orc high priests (Orc:2)
  2 skysharks (Lair:4)
  A fire crab (Lair:5)
  2 pharaoh ants
  An orb spider (Spider:1)
  A wizard (D:14)
  Pikel (D:6)
  4 steelbarb worms (Spider:2)
  7 orc knights
  3 wolf spiders
  8 orc sorcerers
  3 deep elf pyromancers
  3 ugly things
  3 manticores
  A spectral centaur (D:10)
  2 cyclopes
  A worldbinder (Gauntlet)
  6 elephants
  3 ice statues
  5 black mambas
  2 molten gargoyles (Lair:5)
  A centaur zombie (D:10)
  2 torpor snails
  13 cane toads
  A gargoyle (D:11)
  An unseen horror (shapeshifter) (D:14)
  Jeremiah (D:7)
  9 rime drakes
  A kobold demonologist (D:11)
  An unseen horror (D:12)
  An unseen horror skeleton (D:10)
  10 komodo dragons
  A tengu conjurer (D:9)
  2 ice devils (D:13)
  2 efreet
  3 polar bears
  A hornet (Lair:3)
  7 trolls
  A blink frog (shapeshifter) (D:14)
  8 tarantellas
  19 blink frogs
  10 dream sheep (Lair:5)
  3 jumping spiders
  5 culicivoras
  A jumping spider (shapeshifter) (D:12)
  5 slime creatures
  5 wyverns
  A vampire (D:11)
  2 wraiths
  29 yaks
  An unseen horror simulacrum (D:9)
  2 fire elementals (Lair:5)
  A hog (Lair:4)
  A golden eye (shapeshifter) (D:13)
  4 steam dragons
  19 redbacks
  7 basilisks
  6 vampire mosquitoes
  Menkaure (D:4)
  2 wargs
  3 hell hounds (Lair:5)
  3 acid dragons
  Duvessa (D:5)
  9 water moccasins
  5 ice beasts
  3 sky beasts
  28 orc warriors
  6 black bears
  15 wolves
  12 ogres
  4 boggarts
  14 centaurs
  2 lemures (D:6)
  2 kobold brigands
  9 bullfrogs
  A gnoll sergeant (D:9)
  7 scorpions
  26 wights
  Dowan (D:5)
  3 lindwurm simulacra (IceCv)
  4 electric eels
  9 killer bees
  3 howler monkeys
  3 lava snakes (Lair:5)
  7 komodo dragon simulacra (IceCv)
  Crazy Yiuf (D:7)
  27 orc priests
  2 centaur skeletons (D:10)
  3 hounds
  4 iguanas
  9 jellies
  2 sleepcaps
  Ijyb (D:3)
  24 orc wizards
  13 hell rats
  Robin (D:3)
  10 gnolls
  A river rat (D:11)
  6 acid dragon simulacra (IceCv)
  12 adders
  2 shadow imps
  2 white imps
  An ufetubus (D:6)
  5 steam dragon simulacra (IceCv)
  2 worms
  4 dart slugs
  55 orcs
  7 bats
  3 bat zombies (D:13)
  10 endoplasms
  4 giant cockroaches
  10 goblins
  8 hobgoblins
  6 jackals
  6 quokkas
  9 ball pythons
  3 frilled lizards (D:1)
  12 kobolds
  9 rats
783 creatures vanquished.

Vanquished Creatures (collateral kills)
  A blink frog (Lair:1)
  A wight (D:8)
  2 orc priests (D:8)
  An orc (D:8)
5 creatures vanquished.

Vanquished Creatures (others)
  A wolf spider (Spider:2)
  A shadow imp (D:8)
2 creatures vanquished.

Grand Total: 790 creatures vanquished

Notes
Turn   | Place    | Note
-------+----------+-------------------------------------------
     0 | D:1      | Hubris850 the Draconian Ice Elementalist began the quest
                  | for the Orb.
     0 | D:1      | Reached XP level 1. HP: 14/14 MP: 3/3
    68 | D:1      | Reached XP level 2. HP: 12/20 MP: 3/5
   617 | D:1      | Reached XP level 3. HP: 24/26 MP: 6/6
   899 | D:2      | Learned a level 3 spell: Frozen Ramparts
  1277 | D:2      | Found The Oracle's Delphic Readings.
  1291 | D:2      | Found a faded altar of an unknown god.
  1318 | D:2      | Prayed at the altar of an unknown god.
  1318 | D:2      | Became a worshipper of Ashenzari the Shackled
  1615 | D:3      | Noticed Robin
  1635 | D:3      | Reached XP level 4. HP: 23/33 MP: 3/7
  1648 | D:3      | Killed Robin
  1767 | D:3      | Found a runed translucent gate.
  1767 | D:3      | Found a runed translucent gate.
  1767 | D:3      | Found a runed translucent gate.
  1773 | D:3      | Noticed Kurtz's ghost (amateur OpFi)
  1805 | D:3      | Noticed Ijyb
  1836 | D:3      | Killed Ijyb
  1837 | D:3      | Reached skill level 1 in Short Blades
  1854 | D:3      | Identified the cursed +0 dagger of Ashenzari's Gnosis
                  | {flame, Range, Melee} (You found it on level 1 of the
                  | Dungeon)
  1993 | D:3      | Found Beqiquni's Antique Weapon Boutique.
  1994 | D:3      | Reached * piety under Ashenzari
  2060 | D:3      | Reached skill level 1 in Throwing
  2451 | D:4      | Reached XP level 5. HP: 21/38 MP: 4/9
  2456 | D:4      | Reached skill level 3 in Spellcasting
  2618 | D:4      | Noticed an ogre
  2636 | D:4      | Killed an ogre
  2637 | D:4      | Reached XP level 6. HP: 26/45 MP: 4/10
  2641 | D:4      | Learned a level 3 spell: Ozocubu's Armour
  2940 | D:4      | Noticed Menkaure
  3140 | D:4      | Reached ** piety under Ashenzari
  3248 | D:4      | Killed Menkaure
  3518 | D:4      | Identified the ring "Zeecicor" {Wiz *Corrode Int+3 Dex+4
                  | Slay+5}
  3533 | D:4      | Learned a level 3 spell: Mephitic Cloud
  3700 | D:4      | Found a hazy altar of Hepliaklqana.
  3748 | D:5      | Entered Level 5 of the Dungeon
  3836 | D:5      | Noticed a water moccasin
  3844 | D:5      | Killed a water moccasin
  3845 | D:5      | Your scales start taking on a dull iron-grey colour.
  3845 | D:5      | Reached XP level 7. HP: 50/50 MP: 11/11
  3927 | D:5      | Reached *** piety under Ashenzari
  3972 | D:5      | Reached skill level 1 in Conjurations
  3972 | D:5      | Reached skill level 1 in Poison Magic
  3977 | D:5      | Reached skill level 1 in Air Magic
  4162 | D:5      | Noticed Duvessa
  4162 | D:5      | Noticed Dowan
  4170 | D:5      | Killed Duvessa
  4182 | D:5      | Killed Dowan
  4282 | D:5      | Found Wuepluh's Book Emporium.
  4289 | D:5      | Reached skill level 4 in Spellcasting
  4289 | D:5      | Reached XP level 8. HP: 57/57 MP: 12/14
  4875 | D:6      | Noticed Pikel
  4890 | D:6      | Killed Pikel
  4891 | D:6      | Reached skill level 5 in Spellcasting
  5095 | D:6      | Reached XP level 9. HP: 50/62 MP: 16/16
  5175 | D:6      | Found a radiant altar of Vehumet.
  5283 | D:3      | Bought an ebony dagger for 196 gold pieces
  5283 | D:3      | Identified the +9 dagger of Xudouvic {elec, rF+} (You
                  | bought it in a shop on level 3 of the Dungeon)
  5520 | D:6      | Reached skill level 5 in Short Blades
  6345 | D:7      | Noticed Jeremiah
  6388 | D:7      | Killed Jeremiah
  6751 | D:7      | Reached XP level 10. HP: 63/69 MP: 17/17
  6844 | D:7      | Found a runed translucent door.
  6845 | D:7      | Noticed Crazy Yiuf
  6851 | D:7      | Killed Crazy Yiuf
  6922 | D:7      | Reached skill level 10 in Short Blades
  7014 | D:7      | Found a staircase to the Ecumenical Temple.
  7081 | D:7      | Reached skill level 1 in Fighting
  7170 | D:8      | Reached skill level 1 in Shields
  7326 | D:8      | Noticed a seven-headed hydra
  7344 | D:8      | Killed a seven-headed hydra
  7410 | D:8      | Reached skill level 5 in Dodging
  7458 | D:8      | Noticed a boulder beetle
  7485 | D:8      | Killed a boulder beetle
  7676 | D:8      | Learned a level 4 spell: Summon Ice Beast
  7680 | D:8      | Learned a level 3 spell: Call Canine Familiar
  7763 | D:8      | Reached skill level 5 in Ice Magic
  8043 | D:8      | Noticed a two-headed ogre
  8053 | D:8      | Killed a two-headed ogre
  8054 | D:8      | Reached skill level 1 in Summonings
  8054 | D:8      | Reached XP level 11. HP: 78/84 MP: 6/19
  8152 | D:8      | Reached **** piety under Ashenzari
  8434 | D:8      | Found Mexoikh's General Store.
  8509 | D:8      | Found a glowing silver altar of Zin.
  8536 | D:8      | Found an opulent altar of Gozag.
  8735 | D:9      | Noticed a red ugly thing
  8736 | D:9      | Noticed an eight-headed hydra
  8736 | D:9      | Noticed a boulder beetle
  8763 | D:9      | Killed a boulder beetle
  8764 | D:9      | Reached skill level 5 in Conjurations
  8782 | D:9      | Killed an eight-headed hydra
  8803 | D:9      | Killed a red ugly thing
  8936 | D:9      | Noticed a deep elf pyromancer
  8947 | D:9      | Reached skill level 6 in Spellcasting
  8947 | D:9      | Killed a deep elf pyromancer
  8956 | D:9      | Reached ***** piety under Ashenzari
  8972 | D:9      | Learned a level 3 spell: Stone Arrow
  9199 | D:9      | Noticed a boulder beetle
  9205 | D:9      | Reached skill level 1 in Earth Magic
  9309 | D:9      | Noticed a boulder beetle
  9319 | D:9      | Killed a boulder beetle
  9344 | D:9      | Killed a boulder beetle
  9837 | D:9      | Identified a scroll of acquirement
  9868 | D:9      | Acquired the +11 quick blade "Kyt Daon" {freeze, *Corrode
                  | rPois rC++ MP+9}
 10240 | D:10     | Entered Level 10 of the Dungeon
 10380 | D:10     | Reached skill level 7 in Spellcasting
 10400 | D:10     | Reached XP level 12. HP: 84/96 MP: 25/25
 10541 | D:10     | Found a transporter.
 10543 | D:10     | Noticed a great orb of eyes
 10544 | D:10     | Found a viscous altar of Jiyva.
 10544 | D:10     | Found a transporter.
 10711 | D:10     | Identified the ring of Midwinter {Will- rCorr Str+8 Int-3
                  | Dex+6}
 11424 | D:11     | Reached skill level 5 in Earth Magic
 11436 | D:11     | Noticed a two-headed ogre
 11446 | D:11     | Killed a two-headed ogre
 11877 | D:11     | Noticed a death yak
 11878 | D:11     | Noticed a death yak
 11881 | D:11     | Found a staircase to the Lair.
 11881 | D:11     | Noticed a death yak
 11917 | D:11     | Killed a death yak
 11938 | D:11     | Killed a death yak
 11951 | D:11     | Killed a death yak
 12121 | Lair:1   | Entered Level 1 of the Lair of Beasts
 12396 | Lair:1   | Noticed Erica
 12404 | Lair:1   | Killed Erica
 12405 | Lair:1   | Reached skill level 8 in Spellcasting
 12789 | Lair:1   | Noticed Gastronok
 12815 | Lair:1   | Killed Gastronok
 13426 | Lair:2   | Identified the +1 ring mail "Pabaum" {Regen+ Dex+3}
 13469 | Lair:2   | Found a hole to the Spider Nest.
 13544 | Lair:2   | Reached XP level 13. HP: 90/102 MP: 27/27
 13776 | Lair:2   | Noticed Urug
 13801 | Lair:2   | Killed Urug
 14453 | Lair:3   | Reached skill level 5 in Fighting
 14825 | Lair:3   | Found a staircase to the Shoals.
 14959 | Lair:3   | Identified the +11 morningstar of the Hurtling Salmon
                  | {drain, SInv}
 15374 | Lair:4   | Noticed Kirke
 15384 | Lair:4   | Killed Kirke
 15385 | Lair:4   | Reached skill level 5 in Shields
 15423 | Lair:4   | Reached skill level 5 in Stealth
 15775 | Lair:4   | Found a runed translucent door.
 15780 | Lair:4   | Found a staircase to the Slime Pits.
 16232 | Lair:5   | Entered Level 5 of the Lair of Beasts
 16371 | Lair:5   | Reached XP level 14. HP: 118/118 MP: 28/28
 16762 | Lair:5   | HP: 2/119 [komodo dragon (18)]
 17323 | Lair:5   | Found a large runed translucent door.
 17324 | Lair:5   | Found a large runed translucent door.
 18067 | Lair:5   | Upgraded the game from 0.31-a0-846-gb3bcc0d938 to
                  | 0.31-a0-848-gaac375c287
 18126 | Lair:4   | Identified the cursed +2 cloak of Desmomancy {Range, Melee}
                  | (You found it on level 7 of the Dungeon)
 18126 | Lair:4   | Identified the cursed +1 hat of the Omniscient Comet {Comp,
                  | Bglg} (You found it on level 7 of the Dungeon)
 18126 | Lair:4   | Identified the cursed +0 pair of gloves of the Ruined Ether
                  | {Bglg, Alch} (You found it on level 4 of the Dungeon)
 18126 | Lair:4   | Identified the cursed +0 pair of boots of Ashenzari's
                  | Regret {Fort, Elem} (You found it on level 5 of the
                  | Dungeon)
 18762 | D:12     | Found a staircase to the Orcish Mines.
 18805 | D:12     | Found Xoackuel's Demolitions Depot.
 19040 | D:13     | Found a frozen archway.
 19063 | IceCv    | Entered an ice cave
 19833 | D:13     | Found a gate to the Vaults.
 20182 | D:13     | Found an ancient bone altar of Kikubaaqudgha.
 20362 | D:13     | Reached skill level 10 in Dodging
 21003 | D:14     | Found a gate leading to a gauntlet.
 21033 | Gauntlet | Entered a Gauntlet
 21033 | Gauntlet | Found a transporter.
 21043 | Gauntlet | Found a transporter.
 21043 | Gauntlet | Found a transporter.
 21045 | Gauntlet | Found a transporter.
 21073 | Gauntlet | Found a transporter.
 21075 | Gauntlet | Found a transporter.
 21090 | Gauntlet | Found a transporter.
 21101 | Gauntlet | Identified the +0 cloak of the Abyss {Dex+3}
 21105 | Gauntlet | Found a transporter.
 21112 | Gauntlet | Found a transporter.
 21127 | Gauntlet | Found a transporter.
 21136 | Gauntlet | Identified the +2 pair of gloves of Goxauz {rF+ rN+ Stlth+}
 21149 | Gauntlet | Found a transporter.
 21154 | Gauntlet | Identified the +1 hat of Nezxaibe {Will+}
 21164 | Gauntlet | Found a transporter.
 21176 | Gauntlet | Found a transporter.
 21178 | Gauntlet | Noticed a balrug
 21184 | Gauntlet | Found a large runed translucent door.
 21185 | Gauntlet | Found a large runed translucent door.
 21186 | Gauntlet | Found a large runed translucent door.
 21186 | Gauntlet | Found a large runed translucent door.
 21187 | Gauntlet | Found a runed translucent gate.
 21187 | Gauntlet | Identified the amulet "Riyruzoi" {Reflect Harm Str+3 Int+6
                  | Dex-5 SH+5}
 21188 | Gauntlet | Found a transporter.
 21188 | Gauntlet | Found a runed translucent gate.
 21189 | Gauntlet | Found a runed translucent gate.
 21190 | Gauntlet | Found a large runed translucent door.
 21190 | Gauntlet | Found a large runed translucent door.
 21191 | Gauntlet | Found a large runed translucent door.
 21192 | Gauntlet | Found a large runed translucent door.
 21200 | Gauntlet | Found a transporter.
 21207 | Gauntlet | Noticed a quicksilver ooze
 21343 | Gauntlet | Reached XP level 15. HP: 132/132 MP: 29/29
 21595 | Gauntlet | Identified the +2 helmet of Igauf {rC++ Dex+2}
 22093 | D:14     | Identified the +3 whip "Gyrumasu" {antimagic, rN+}
 22308 | D:14     | Found a transporter.
 22309 | D:14     | Noticed Kilet's ghost (adept GrEE)
 22309 | D:14     | Identified the ring "Hoebo" {rPois Int+2 Dex+4 Stlth+}
 22311 | D:14     | Identified the +10 great mace of Distraction {freeze, rC+
                  | rN+ Stlth+}
 22311 | D:14     | Noticed a frost giant
 22321 | D:14     | Noticed a frost giant
 23066 | D:15     | Entered Level 15 of the Dungeon
 23070 | D:15     | Found a staircase to the Depths.
 23070 | D:15     | Noticed a fire giant
 23089 | D:15     | Killed a fire giant
 23090 | D:15     | Reached skill level 1 in Evocations
 23090 | D:15     | Reached skill level 1 in Shapeshifting
 23465 | D:15     | Reached skill level 9 in Spellcasting
 23551 | D:15     | Found an opulent altar of Gozag.
 23551 | D:15     | Noticed Jorgrun
 23555 | D:15     | Killed Jorgrun
 23931 | Orc:1    | Entered Level 1 of the Orcish Mines
 24137 | Orc:1    | Found a transporter.
 24312 | Orc:2    | Entered Level 2 of the Orcish Mines
 24331 | Orc:2    | Found a staircase to the Elven Halls.
 24389 | Orc:2    | Found Veggaung's Antique Weapon Boutique.
 24658 | Orc:2    | Found Wosa's General Store.
 24660 | Orc:2    | Found Kuicut's Antique Armour Shoppe.
 24662 | Orc:2    | Found Rioginuh's Jewellery Boutique.
 24759 | Orc:2    | Found Matt's Armour Boutique.
 25633 | Orc:1    | Found a transporter.
 25792 | Orc:1    | Reached skill level 5 in Evocations
 25806 | Orc:1    | Reached skill level 10 in Spellcasting
 26021 | D:12     | Upgraded the game from 0.31-a0-848-gaac375c287 to
                  | 0.31-a0-851-g7ff8af7976
 26151 | Spider:1 | Entered Level 1 of the Spider Nest
 26370 | D:5      | Bought a Young Poisoner's Handbook for 240 gold pieces
 26375 | D:5      | Learned a level 4 spell: Olgreb's Toxic Radiance
 27274 | Spider:1 | Reached skill level 11 in Spellcasting
 27285 | Spider:1 | Noticed Louise
 27295 | Spider:1 | Killed Louise
 27393 | Spider:1 | Noticed an emperor scorpion
 27413 | Spider:1 | Killed an emperor scorpion
 27552 | Spider:1 | Reached XP level 16. HP: 102/139 MP: 33/33
 28185 | Spider:2 | Reached skill level 12 in Spellcasting
 28398 | D:12     | Bought a manual of Conjurations for 1280 gold pieces
 28407 | D:12     | Learned a level 5 spell: Irradiate
 28609 | Spider:2 | Gained mutation: You occasionally lose the ability to drink
                  | potions when taking damage. [mutagenic glow]
 28776 | Spider:2 | Reached skill level 1 in Transmutations
 29606 | Spider:2 | Reached skill level 10 in Conjurations
 29785 | Spider:2 | Noticed Nikola
 29809 | Spider:2 | Killed from afar by Nikola

Illustrated notes

Levels and vault maps discovered:
D:1:      lightli_arrival_statue_moat, layout_loops_ring
D:2:      layout_basic, hellmonk_ecumenical_altar_dog_temple,
          nicolae_nh_oracle_at_delphi
D:3:      layout_loops_ring, biasface_ghost_orc_armoury, serial_shops,
          nicolae_shop_tiny_waterfront, uniq_ijyb, uniq_robin
D:4:      layout_basic, kennysheep_little_box, grunt_ministairs_4,
          serial_park_tiny_pond, dk_noncrumbling_4, uniq_menkaure
D:5:      dreamdust_elfheim, layout_basic, serial_shops, shop
D:6:      layout_rooms, nicolae_vehumet_altar_sigil, nicolae_half_adder,
          uniq_pikel
D:7:      minmay_bubble_buster, layout_basic, minmay_temple_entry_poolview,
          uniq_crazy_yiuf_cottage, uniq_jeremiah
D:8:      cheibrodos_ideogram_h, layout_rooms,
          pdpol_temple_overflow_zin_treasury_gozag_greed, serial_shops, shop
D:9:      minmay_tri_box, layout_loops_corners
D:10:     gammafunk_jiyva_shrine, layout_basic, hangedman_weighted_door,
          serial_bayou_lake_a
D:11:     layout_irregular_city, dpeg_lair_monsters
D:12:     layout_roguey, david_orc_4, nicolae_blasting_shop
D:13:     layout_roguey, erik_vaults_2, portal_ice_cave_demonic_guard,
          hangedman_abyss_or_decor_passed, lemuel_zombie_altar_kikubaaqudgha
D:14:     layout_layer_cave, nicolae_titane, gauntlet_entry_generic,
          gammafunk_ghost_smash
D:15:     grunt_enter_depths_giant_problem, layout_loops_ring,
          roderic_lattice_a, nicolae_gozag_seed_capital, uniq_jorgrun
Lair:1:   layout_regular_city, infiniplex_staircase_pool_2,
          serial_bayou_shore_b, grunt_megastairs_5, uniq_gastronok, uniq_erica
Lair:2:   layout_regular_city, nicolae_spider_entry_non_spiders, uniq_urug
Lair:3:   layout_loops_ring, minmay_shoals_entry_centaurs, serial_bayou_shore_a
Lair:4:   layout_roguey, slime_entry_2, chequers_serial_rivers_micro_b,
          st_stairs_7, guppyfry_lair_drakes, grunt_megastairs_1, uniq_kirke
Lair:5:   cheibrodos_lair_end_hotspot, layout_gridlike
Spider:1: layout_cave_pods, nicolae_spider_paper_wasps, uniq_louise
Spider:2: nicolae_spider_hilbert_zone_7 [nicolae_spider_hilbert_4_sides_1_open,
          nicolae_spider_hilbert_4_sides_1_open,
          nicolae_spider_hilbert_4_sides_1_open,
          nicolae_spider_hilbert_4_sides_1_open,
          nicolae_spider_hilbert_3_sides_1_open,
          nicolae_spider_hilbert_3_sides_1_open,
          nicolae_spider_hilbert_3_sides_1_open,
          nicolae_spider_hilbert_3_sides_1_open,
          nicolae_spider_hilbert_4_sides_1_open,
          nicolae_spider_hilbert_4_sides_1_open,
          nicolae_spider_hilbert_4_sides_1_open,
          nicolae_spider_hilbert_2_sides_1_open,
          nicolae_spider_hilbert_2_sides_1_open,
          nicolae_spider_hilbert_2_sides_1_open,
          nicolae_spider_hilbert_2_sides_1_open,
          nicolae_spider_hilbert_2_sides_1_open,
          nicolae_spider_hilbert_2_sides_1_open], ebering_ghost_inner_flame,
          hellmonk_narrow_tunnel, uniq_nikola
Orc:1:    gammafunk_beogh_shrine, layout_caves
Orc:2:    st_orc_elflike, layout_caves, special_room, nicolae_orc_stony_grotto,
          guppyfry_orc_lava_fort

Skill      XL: |  1  2  3  4  5  6  7  8  9 10 11 12 13 14 15 16 |
---------------+-------------------------------------------------+-----
Dodging        | 2 3 7 8 10 | 10.2
Stealth        | 2 5 8 |  8.4
Short Blades   | 1 2 4 9 10 11 | 11.9
Throwing       | 1 2 4 |  4.0
Spellcasting   | 3 4 5 7 8 11 12 | 12.5
Conjurations   | 2 4 6 8 10 | 10.2
Poison Magic   | 2 4 |  4.2
Air Magic      | 1 3 |  3.1
Fighting       | 4 7 9 |  9.7
Shields        | 2 5 8 |  8.6
Ice Magic      | 5 6 |  6.0
Summonings     | 1 3 |  3.0
Earth Magic    | 4 7 |  7.8
Evocations     | 5 |  5.3
Shapeshifting  | 4 |  4.9
Transmutations | 3 |  3.1

Action                     |  1- 3 |  4- 6 |  7- 9 | 10-12 | 13-15 | 16-18 || total
---------------------------+-------+-------+-------+-------+-------+-------++-------
  Melee: Unarmed           |    60 |    16 |       |       |       |       ||    76
         Tailslap          |     7 |    30 |    44 |   130 |   340 |    66 ||   617
         Punch             |     1 |     6 |     5 |     3 |       |       ||    15
         Dagger            |    69 |   164 |   254 |   514 |       |       ||  1001
         Quick blade       |       |       |       |   124 |  1681 |   260 ||  2065
  Throw: Javelin           |       |     7 |     2 |     5 |     1 |     1 ||    16
         Boomerang         |       |     1 |    19 |     6 |       |       ||    26
         Dart              |       |       |     3 |    19 |    34 |    54 ||   110
   Cast: Freeze            |    29 |     6 |       |       |       |       ||    35
         Frozen Ramparts   |     1 |     6 |     5 |     6 |     6 |       ||    24
         Ozocubu's Armour  |       |       |     4 |     4 |     4 |       ||    12
         Mephitic Cloud    |       |       |     2 |     1 |       |       ||     3
         Summon Ice Beast  |       |       |       |     6 |       |     1 ||     7
         Call Canine Famil |       |       |       |     6 |       |       ||     6
         Stone Arrow       |       |       |       |     6 |     5 |     6 ||    17
         Olgreb's Toxic Ra |       |       |       |       |    10 |    15 ||    25
         Irradiate         |       |       |       |       |       |     1 ||     1
 Invoke: Curse Item        |     1 |     2 |     2 |     4 |     1 |       ||    10
         Shatter the Chain |       |       |     1 |       |     1 |       ||     2
Ability: Begin Untransform |       |       |       |       |     1 |       ||     1
  Evoke: Wand              |       |       |     3 |       |     1 |       ||     4
    Use: Potion            |       |       |     1 |       |     5 |       ||     6
         Scroll            |       |       |       |     1 |     1 |       ||     2
   Stab: Sleeping          |     2 |     4 |     6 |     4 |    29 |       ||    45
         Confused          |       |       |     2 |       |       |       ||     2
         Distracted        |       |       |       |       |     5 |       ||     5
 Armour: Skin              |    87 |    84 |   101 |   216 |   315 |    57 ||   860
  Dodge: Dodged            |   101 |    95 |   129 |   241 |   328 |    63 ||   957
  Block: Buckler           |       |       |       |   107 |   349 |    58 ||   514
         Reflection        |       |       |       |     1 |    34 |       ||    35
   Form: Beast             |       |       |       |       |     1 |       ||     1

Table legend: (Time is in decaauts)
 A = Elapsed time spent in this place.
 B = Non-inter-level travel time spent in this place.
 C = Inter-level travel time spent in this place.
 D = Time resting spent in this place.
 E = Time spent auto-exploring this place.
 F = Levels seen in this place.
 G = Mean time per level.
                   A        B        C        D        E       F      G
               +--------+--------+--------+--------+--------+-----+--------+
         Total |  28953 |  26744 |   2209 |   3842 |  16715 |  26 | 1113.6 |
       Dungeon |  16908 |  15455 |   1453 |   1915 |  10173 |  15 | 1127.2 |
          Lair |   5969 |   5398 |    571 |    579 |   3563 |   5 | 1193.8 |
   Spider Nest |   2918 |   2882 |     36 |    645 |   1796 |   2 | 1459.0 |
  Orcish Mines |   1895 |   1747 |    148 |    203 |   1091 |   2 |  947.5 |
      Ice Cave |    700 |    700 |      0 |    358 |     92 |   1 |  700.0 |
      Gauntlet |    561 |    561 |      0 |    142 |      0 |   1 |  561.0 |
               +--------+--------+--------+--------+--------+-----+--------+

Top non-repeatable levels by time:
  Lair:5: 1812 daAuts
     D:9: 1611 daAuts
Spider:1: 1552 daAuts
     D:7: 1401 daAuts
     D:8: 1376 daAuts
    D:14: 1369 daAuts
Spider:2: 1366 daAuts
     D:4: 1357 daAuts
  Lair:1: 1330 daAuts
    D:13: 1257 daAuts
    D:11: 1218 daAuts
   Orc:2: 1158 daAuts
  Lair:2: 1085 daAuts
    D:10: 1067 daAuts
     D:5: 1032 daAuts
